[Event "7th Sharjah Challengers 2024"]
[Site "Sharjah"]
[Date "2024.05.17"]
[Round "4.1"]
[White "Viani Antonio Dcunha"]
[Black "Sammed Jaykumar, Shete"]
[Result "1-0"]
[ECO "B33"]
[WhiteElo "2394"]
[BlackElo "2383"]
[Annotator "TA"]
[PlyCount "93"]
[EventDate "2024.05.13"]
[EventType "swiss"]
[EventCountry "UAE"]
[SourceTitle "playchess.com"]
[Source "ChessBase"]
[SourceQuality "1"]
[TimeControl "5400+30"]

1. e4 c5 2. Nf3 Nc6 3. d4 cxd4 4. Nxd4 Nf6 5. Nc3 e5 6. Ndb5 d6 7. Bg5 a6 8. Na3 b5 9. Nd5 Be7 10. Bxf6 Bxf6 11. c3 O-O 12. Nc2 Rb8 13. h4 g6 14. g3 Bg7 15. h5 Be6 16. Nce3 {[%emt 0:11:21] White is slightly better.} Qd7 17. a4 Rfc8 (17... Bxd5 $14 18. Nxd5 (18. Qxd5 Ne7 $14) 18... Qb7) 18. axb5 axb5 19. Qf3 {[%emt 0:03:58] h6 is the strong threat.} f5 (19... Qd8 $142) 20. exf5 (20. Bh3 $142 {Black must now prevent hxg6.} f4 21. gxf4 exf4 22. Nxf4 Bxh3 23. Qxh3 (23. hxg6 hxg6 24. Qxh3 Qxh3 $16) 23... Qxh3 24. Rxh3 (24. Nxh3 b4 $16)) 20... gxf5 $16 {[%emt 0:00:00] [#]} 21. h6 $1 Bh8 (21... e4 $142 22. hxg7 exf3 23. Nf6+ Kxg7 24. Nxd7 Bxd7) 22. Bh3 {[%emt 0:11:13] White is much more active.} Rf8 23. Ra6 {[%emt 0:01:06][%cal Oa6c6] aiming for Rxc6!} e4 24. Qh5 $36 {[%emt 0:00:32][%mdl 2048] White is in control.} Ne5 25. Nf4 {[%emt 0:07:20] Excellent horsemanship.} (25. O-O $16) 25... Rf7 $2 {[%emt 0:00:00][%mdl 8192] This move loses the game for Black.} (25... Bf7 $1 $11 26. Qd1 (26. Qxf5 Qb7 $11) 26... b4) 26. Nxe6 $18 Qxe6 27. Bxf5 Nd3+ 28. Kf1 Qe5 29. Rh4 (29. Bxh7+ $142 Kf8 30. Qg6 (30. Bf5 b4 $18) 30... Rxf2+ 31. Kg1 Rf1+ 32. Kxf1 Qf6+ 33. Qxf6+ Bxf6 34. Nd5 (34. Rxd6 Be5 $18) (34. Bxe4 Nxb2 35. Nd5 Nc4 $18)) 29... Nc5 30. Rc6 Kf8 31. b4 Qxc3 32. bxc5 Bd4 33. Rxe4 {[%emt 0:00:41] Strongly threatening Kg2.} b4 34. Be6 {[%emt 0:03:09][%csl Ge6][%cal Rh5f7] White mates.} Qd3+ 35. Kg1 Qb1+ 36. Nd1 Bxf2+ 37. Kh2 Rf6 38. Rc7 Bxg3+ 39. Kxg3 Rg6+ {[%emt 0:00:00] [#]} 40. Qxg6 $3 hxg6 (40... Qd3+ 41. Ne3) 41. h7 Qd3+ 42. Ne3 Qc3 43. Rf7+ Ke8 44. Bd5+ Kd8 45. Rf8+ Kd7 46. c6+ Kc7 47. Re7+ {[%emt 0:00:06] Weighted Error Value: White=0.10 (very precise) /Black=0.44.  Loses game:     	---       	Black=1      Mistake:       	White=3     	Black=3      Inaccurate:     	White=1     	Black=1      OK:         	White=7     	Black=3      Best:        	White=1     	Black=2      Strong:       	White=1     	---} 1-0

[Event "7th Sharjah Challengers 2024"]
[Site "Sharjah"]
[Date "2024.05.17"]
[Round "4.3"]
[White "Delgado Ramirez, Neuris"]
[Black "Liyanage, Ranindu Dilshan"]
[Result "1/2-1/2"]
[ECO "C26"]
[WhiteElo "2489"]
[BlackElo "2362"]
[Annotator "TA"]
[PlyCount "56"]
[EventDate "2024.05.13"]
[EventType "swiss"]
[EventCountry "UAE"]
[SourceTitle "playchess.com"]
[Source "ChessBase"]
[SourceQuality "1"]
[TimeControl "5400+30"]

1. e4 e5 2. Nc3 Nf6 3. g3 Nc6 4. Bg2 Bc5 5. d3 a6 6. h3 d6 7. Nge2 Be6 8. Nd5 h6 9. c3 Ba7 10. Be3 Bxe3 11. fxe3 ({White should play} 11. Nxe3 $11 d5 12. Qb3) 11... Bxd5 12. exd5 Ne7 13. Qd2 c6 14. dxc6 bxc6 15. g4 d5 16. Ng3 Qd6 17. e4 dxe4 18. Nxe4 Nxe4 19. Bxe4 Qe6 20. Rg1 Rd8 21. c4 Ng6 22. O-O-O Nf4 23. Qe3 O-O 24. Rge1 Rfe8 25. Qf3 {[%emt 0:07:00] [#]} Rd4 (25... c5 $1 $17) 26. Bxc6 $11 {[%emt 0:05:34] The position is equal.} Nxd3+ 27. Rxd3 Rxd3 28. Qxd3 Qxc6 {[%emt 0:00:18] Weighted Error Value: White=0.14 (very precise) /Black=0.11 (very precise) .  Mistake:       	White=1     	Black=1      Inaccurate:     	White=2     	Black=2      OK:         	White=3     	Black=6      Best:        	White=2     	Black=1} 1/2-1/2

[Event "7th Sharjah Challengers 2024"]
[Site "Sharjah"]
[Date "2024.05.17"]
[Round "4.4"]
[White "Anwesh, Upadhyaya"]
[Black "Burmakin, Vladimir"]
[Result "1/2-1/2"]
[ECO "B19"]
[WhiteElo "2345"]
[BlackElo "2483"]
[Annotator "RC"]
[PlyCount "93"]
[EventDate "2024.05.13"]
[EventType "swiss"]
[EventCountry "UAE"]
[SourceTitle "playchess.com"]
[Source "ChessBase"]
[SourceQuality "1"]
[TimeControl "5400+30"]

1. e4 c6 2. d4 d5 3. Nd2 dxe4 4. Nxe4 Bf5 5. Ng3 Bg6 6. h4 h6 7. Nf3 Nd7 8. h5 Bh7 9. Bd3 Bxd3 10. Qxd3 e6 11. Bd2 Qc7 12. O-O-O O-O-O 13. Ne4 Ngf6 14. Nxf6 gxf6 15. g3 f5 16. c4 Nf6 17. Qc2 Ng4 18. c5 Bg7 19. Bf4 Qa5 20. Kb1 Rd5 21. Rd3 a6 22. Rhd1 Qd8 23. Qe2 Re8 24. Ne5 Nxe5 25. dxe5 Qe7 26. b4 f6 27. Rxd5 exd5 28. e6 Qxe6 29. Qxe6+ Rxe6 30. f3 Bf8 31. Kc2 Re2+ 32. Rd2 Re1 33. Rd1 Re2+ 34. Rd2 Re7 35. Kd3 Kd7 36. Re2 Rh7 37. Kd4 Be7 38. a4 Rh8 39. a5 Rg8 40. Ke3 Bd8 41. Kf2 Rg7 42. Re1 Be7 43. Rh1 Rh7 44. Re1 Rh8 45. Re2 Rh7 46. Re1 Bd8 47. Re2 1/2-1/2

[Event "7th Sharjah Challengers 2024"]
[Site "Sharjah"]
[Date "2024.05.17"]
[Round "4.5"]
[White "Piliposyan, Robert"]
[Black "Lashkin, Jegor"]
[Result "0-1"]
[ECO "D38"]
[WhiteElo "2367"]
[BlackElo "2449"]
[Annotator "RC"]
[PlyCount "124"]
[EventDate "2024.05.13"]
[EventType "swiss"]
[EventCountry "UAE"]
[SourceTitle "playchess.com"]
[Source "ChessBase"]
[SourceQuality "1"]
[TimeControl "5400+30"]

1. d4 Nf6 2. c4 e6 3. Nf3 d5 4. Nc3 Bb4 5. Qa4+ Nc6 6. e3 O-O 7. Qc2 b6 8. Bd2 Bb7 9. cxd5 exd5 10. Bd3 Bd6 11. a3 a6 12. O-O Ne7 13. e4 dxe4 14. Nxe4 Nxe4 15. Bxe4 Bxe4 16. Qxe4 Qd7 17. Rfe1 Rfe8 18. Rad1 Qf5 19. Qxf5 Nxf5 20. Kf1 f6 21. h3 Red8 22. Re4 Rd7 23. Rde1 Rf8 24. Re8 Kf7 25. Rxf8+ Bxf8 26. Rc1 Ke6 27. Bf4 Bd6 28. Bxd6 Kxd6 29. Ke2 Kd5 30. Kd3 Re7 31. g4 Nd6 32. Nd2 f5 33. Nb1 Ne4 34. Rc2 c5 35. dxc5 Nxc5+ 36. Kd2 fxg4 37. hxg4 Ke4 38. b4 Nb3+ 39. Kc3 Nd4 40. Rd2 Nb5+ 41. Kb3 Kf3 42. a4 Nc7 43. Rd4 Kxf2 44. Nd2 b5 45. axb5 axb5 46. g5 Ke3 47. Rd6 Ne6 48. Nb1 Nxg5 49. Nc3 Rb7 50. Rd5 Nf3 51. Nxb5 g5 52. Nd6 Rb8 53. b5 h5 54. Nf7 Kf4 55. Kb4 h4 56. Nxg5 Nxg5 57. Ka5 h3 58. b6 h2 59. Rd1 Ne4 60. Rc1 Nd6 61. Rf1+ Kg3 62. Rc1 Nc4+ 0-1

[Event "7th Sharjah Challengers 2024"]
[Site "Sharjah"]
[Date "2024.05.17"]
[Round "4.6"]
[White "Divya Deshmukh"]
[Black "Farahat, Ali"]
[Result "1-0"]
[ECO "C78"]
[WhiteElo "2443"]
[BlackElo "2327"]
[Annotator "TA"]
[PlyCount "97"]
[EventDate "2024.05.13"]
[EventType "swiss"]
[EventCountry "UAE"]
[SourceTitle "playchess.com"]
[Source "ChessBase"]
[SourceQuality "1"]
[TimeControl "5400+30"]

1. e4 e5 2. Nf3 Nc6 3. Bb5 a6 4. Ba4 b5 5. Bb3 Nf6 6. O-O Bc5 7. a4 Rb8 8. c3 d6 9. d4 Bb6 10. a5 {[%emt 0:00:08] C78: Ruy Lopez: Archangelsk and Möller Defences.} Ba7 $1 11. h3 h6 12. Be3 Ra8 13. Nbd2 O-O 14. Re1 Re8 15. Ba2 {[%emt 0:00:12] Recently 15.Bc2 got a lot of attention.} Bb7 16. Qb3 Rf8 $146 ({Predecessor:} 16... Qd7 17. Bb1 Nd8 18. Qc2 c5 19. d5 c4 20. Bxa7 Rxa7 21. b3 cxb3 22. Qxb3 Bc8 {½-½ Nguyen,T (2618)-Pranav,V (2579) EU-Cup 38th Durres 2023 (5.4)}) 17. Bb1 exd4 18. cxd4 Re8 19. Nf1 Ne7 $1 (19... Nxe4 $2 20. d5 Nxa5 (20... Bxe3 $2 21. Rxe3 Nxa5 22. Rxa5 $18) 21. Rxa5 $16) 20. Ng3 (20. e5 {with more complications.} Nd7 21. e6 Bd5 22. exf7+ Bxf7 23. Bh7+) 20... Ng6 21. d5 c5 22. dxc6 Bxc6 23. Bc2 Bxe3 24. Rxe3 Bb7 25. Qb4 (25. Rd1 {is interesting.} Qc7 26. Rc3 Qxa5 27. Rxd6 Rac8 28. Rxc8 Rxc8 29. Nf5) 25... Rc8 26. Bb3 Rc5 27. Rd1 Qc7 28. Qe1 Ne5 (28... Nf4 $11) 29. Nxe5 Rcxe5 30. f3 (30. f4 {keeps more tension.} R5e7 31. Nf5 Rxe4 32. Qg3) 30... Bc8 31. Kh1 Be6 32. Bxe6 R5xe6 {[%emt 0:01:39] [#]} 33. Rc1 ({Better is} 33. Rc3 $1 $16 Qxa5 34. Nf5) 33... Qb8 $2 {[%emt 0:02:08] [#]} ({Black should try} 33... Qa7 $1 $11) 34. Nf5 $1 $16 d5 (34... Rc8 $16) 35. Nd4 $18 dxe4 36. Nxe6 Rxe6 37. fxe4 Qe5 38. Qc3 Nxe4 $2 (38... Qf4 39. Rf3 Qxe4 40. Qc8+ Kh7) 39. Qxe5 $18 Rxe5 40. Rf3 (40. Kh2 $142) 40... b4 41. Rb3 Kh7 (41... Rxa5 $142 42. Rxb4 Rc5 43. Rb8+ Kh7 44. Rxc5 Nxc5) 42. Rc7 (42. Rxb4 Nf2+ 43. Kh2 Nd3 $11 (43... Rxa5 $2 44. Rd4 $18)) 42... Rxa5 43. Rxb4 (43. Rxf7 Ra1+ 44. Kh2 Nd2 $11) 43... Nd2 (43... Nf2+ $142 44. Kh2 Nd3) 44. Kg1 (44. Rxf7 Ra1+ 45. Kh2 Nf1+ 46. Kg1 Nd2+ 47. Kh2 Nf1+ 48. Rxf1 Rxf1 $11) 44... Rf5 45. Rd7 Rf1+ 46. Kh2 Rd1 $2 (46... a5 {is a better chance.}) 47. Rbd4 $18 ({Stronger than} 47. Rxf7 Nf1+ 48. Kg1 Nd2+ 49. Kh2 Nf1+ 50. Kg1 Ne3+ 51. Kf2 Rf1+ 52. Kxe3 Rxf7 $11) 47... Nf1+ 48. Kg1 Rb1 49. Rd1 (49. Rxf7 Nd2+ (49... Ne3+ 50. Kf2 $11) 50. Kh2 Nf1+ 51. Rxf1 Rxf1 $11) 1-0

[Event "7th Sharjah Challengers 2024"]
[Site "Sharjah"]
[Date "2024.05.17"]
[Round "4.7"]
[White "Garifullina, Leya"]
[Black "Dhruva Thota"]
[Result "1-0"]
[ECO "B52"]
[WhiteElo "2431"]
[BlackElo "2351"]
[Annotator "ChessBase"]
[PlyCount "105"]
[EventDate "2024.05.13"]
[EventType "swiss"]
[EventCountry "UAE"]
[SourceTitle "playchess.com"]
[Source "ChessBase"]
[SourceQuality "1"]
[TimeControl "5400+30"]

1. e4 c5 2. Nf3 d6 3. Bb5+ Bd7 4. Bxd7+ Qxd7 5. c4 Nf6 6. Nc3 g6 7. d4 cxd4 8. Qxd4 Bg7 9. O-O O-O 10. Bd2 Nc6 11. Qd3 Ng4 12. Rac1 Rac8 13. b3 Rfd8 14. Rfd1 Nge5 15. Qe3 Qg4 16. Ne1 f5 17. h3 Qh5 18. Nd5 fxe4 19. g4 Nxg4 20. hxg4 Qxg4+ 21. Qg3 Qd7 22. Bc3 Rf8 23. Bxg7 Kxg7 24. Qh4 Rf5 25. Qxe4 Rcf8 26. Rd2 Rg5+ 27. Ng2 Qh3 28. Rc3 Qh6 29. f4 Rh5 30. Rg3 Rh1+ 31. Kf2 e5 32. Rf3 Qh2 33. Nde3 Qg1+ 34. Ke2 Nd4+ 35. Rxd4 exd4 36. Qxd4+ Kg8 37. Qd5+ Kh8 38. Rf1 Qh2 39. Rxh1 Qxh1 40. Qxd6 Rf7 41. Qd4+ Kg8 42. Qxa7 h5 43. Qb6 Kg7 44. Qd4+ Kh7 45. Qd5 Re7 46. Qg5 Rg7 47. f5 gxf5 48. Qxf5+ Kh6 49. Nf4 Rg1 50. Qe5 Qh2+ 51. Kd3 Rg3 52. Qh8+ Kg5 53. Ne6+ 1-0

[Event "7th Sharjah Challengers 2024"]
[Site "Sharjah"]
[Date "2024.05.17"]
[Round "4.8"]
[White "Movahed, Sina"]
[Black "Kanyamarala, Tarun"]
[Result "0-1"]
[ECO "C00"]
[WhiteElo "2464"]
[BlackElo "2302"]
[Annotator "TA"]
[PlyCount "86"]
[EventDate "2024.05.13"]
[EventType "swiss"]
[EventCountry "UAE"]
[SourceTitle "playchess.com"]
[Source "ChessBase"]
[SourceQuality "1"]
[TimeControl "5400+30"]

1. Nf3 d5 2. g3 Nf6 3. Bg2 c5 4. O-O e6 5. d3 Be7 6. Nbd2 O-O 7. e4 Nc6 8. Re1 Qc7 9. Qe2 b5 10. e5 Nd7 11. h4 Bb7 12. h5 h6 {[%emt 0:00:22] Black is more active.} 13. Nf1 Rfc8 {[%emt 0:00:44] Black is slightly better.} 14. Bf4 Qd8 15. N1h2 a5 16. a4 bxa4 17. Ng4 Bf8 18. Rxa4 Nb6 19. Raa1 a4 20. c3 Nd7 (20... Na5 $15) 21. Qc2 Ba6 22. Red1 (22. Rxa4 $2 Bxd3 23. Qd1 Rxa4 24. Qxa4 c4 $17) (22. Qd2 $5) 22... Bb5 23. c4 Nd4 24. Nxd4 cxd4 25. Rac1 $2 {[%emt 0:07:49] [#]} (25. Qe2 $11) 25... Bc6 ({And not} 25... dxc4 26. Bxa8 Rxa8 27. dxc4 $16) (25... a3 $1 $19 {...Ba4 would now be deadly.} 26. bxa3 Ba4) 26. cxd5 Bxd5 27. Qe2 {[%emt 0:00:07] And now Rxc8 would win.} Bxg2 28. Kxg2 Qb6 29. Kh2 (29. Rxc8 $17 {was worth a try.} Rxc8 30. Nh2) 29... Rab8 $19 30. Rxc8 Rxc8 31. Rd2 Qb7 32. Qd1 (32. f3 $17) 32... Qb3 {[%emt 0:06:44] [#] Threatens to win with ...Bb4.} 33. Qe2 Bb4 34. Rd1 Rc2 $36 {[%emt 0:03:49][%mdl 2048] Keeping White busy.} 35. Qf1 (35. Qe4) 35... Rxb2 {[%emt 0:00:55] Hoping for ...a3. Black is clearly winning.} 36. Bxh6 gxh6 37. Nxh6+ Kg7 38. Ng4 Qd5 39. h6+ Kh8 40. Rc1 Bc3 (40... Nxe5 $2 {loses.} 41. Rc8+ Kh7 42. Nf6+ Kg6 43. Nxd5 $18) 41. Qh3 Nxe5 42. Kg1 Nf3+ 43. Kf1 Qg5 {[%emt 0:00:54] Weighted Error Value: White=0.92/Black=0.11 (very precise) .  Loses game:     	White=1     	---        Mistake:       	White=3     	Black=2      Inaccurate:     	White=4     	Black=2      OK:         	White=8     	Black=9      Best:        	White=1     	---} 0-1

[Event "7th Sharjah Challengers 2024"]
[Site "Sharjah"]
[Date "2024.05.17"]
[Round "4.9"]
[White "Rios Gomez, Cristhian Camilo"]
[Black "George Micheal, Kevin"]
[Result "1-0"]
[ECO "A48"]
[WhiteElo "2472"]
[BlackElo "2263"]
[Annotator "TA"]
[PlyCount "135"]
[EventDate "2024.05.13"]
[EventType "swiss"]
[EventCountry "UAE"]
[SourceTitle "playchess.com"]
[Source "ChessBase"]
[SourceQuality "1"]
[TimeControl "5400+30"]

1. d4 Nf6 2. Bf4 g6 3. Nf3 Bg7 4. e3 d6 5. h3 O-O 6. Be2 Nbd7 7. Bh2 Qe8 8. c4 e5 9. Nc3 Qe7 10. O-O Re8 11. c5 {[%emt 0:05:13] A48: 1 d4 Nf6 2 Nf3 g6: Torre, London and Colle Systems.} Rd8 $146 ({Predecessor:} 11... a6 12. Re1 e4 13. cxd6 cxd6 14. Nd2 d5 15. a4 b6 16. Qb3 Bb7 17. Qa3 Qe6 18. Qd6 Rac8 {½-½ Ernst,M (2169)-Groetz,H (2312) AUT-chT2O 1920 2019 (1.4)}) 12. Qc2 exd4 13. cxd6 cxd6 14. Nxd4 Nc5 15. Rac1 Ne6 16. Rfd1 a6 17. Nb3 Ng5 18. Na5 Nfe4 19. Nd5 Nxh3+ 20. Kf1 Qh4 21. g3 Qh6 22. Qxe4 Nxf2 23. Kxf2 Qxh2+ 24. Qg2 Qh6 25. Ne7+ Kh8 26. Nxc8 (26. Nxb7 Bxb7 $18) 26... Rdxc8 27. Rxc8+ (27. Qxb7 Rcb8 28. Qg2 (28. Qxf7 $2 Rf8 $19) 28... Kg8 $18) (27. Nxb7 Re8 28. Nxd6 (28. Rxd6 $2 Qxe3+ 29. Kf1 Qxc1+ $19) 28... Qxe3+ 29. Ke1 Rf8 $18) 27... Rxc8 28. Rh1 (28. Qxb7 Qh2+ 29. Qg2 Qxg2+ 30. Kxg2 Rc2 $18) (28. Nxb7 Re8 29. Qf3 (29. Nxd6 Qxe3+ 30. Kf1 Rf8 $18) 29... Qh2+ 30. Kf1 Be5 31. Nxd6 (31. Bxa6 Re6 $11) 31... Rf8) (28. Rxd6 b5 29. Rxa6 Rc2 $18) 28... Qg5 29. Qh3 (29. Nxb7 Re8 30. Qf3 (30. Bxa6 $2 Qxe3+ 31. Kf1 Qe1#) 30... Re6 $18) 29... Qf5+ 30. Qxf5 gxf5 31. Bd3 Bxb2 32. Nxb7 Rc7 33. Na5 (33. Nxd6 Rd7 $18) 33... Rc3 34. Bxf5 Bc1 35. Bxh7 Bxe3+ 36. Ke2 Bd4 37. Bd3+ Kg7 38. Nb3 (38. Bxa6 $6 Ra3 $18) 38... Be5 39. g4 Rc8 40. Na5 (40. Bxa6 Rc2+ 41. Kf1 Rxa2) 40... d5 41. Rh7+ (41. Bxa6 Ra8 $11) 41... Kf6 42. Rh6+ (42. Bxa6 Rc2+ 43. Kd1 Rxa2 $18) 42... Kg5 43. Rxa6 Kxg4 44. Nc6 Bd6 45. a4 Kf4 46. Kd2 f5 47. Nd4 Bb4+ 48. Ke2 Re8+ (48... Rh8 $142 49. Re6 (49. Bxf5 Rh2+ 50. Kf1 Rd2 $16) 49... Rh2+ 50. Kf1 Ra2) 49. Re6 Rg8 50. Kd1 ({Not} 50. Nxf5 Rg2+ 51. Kf1 Rd2 $14) 50... Bc5 51. Ne2+ ({Don't take} 51. Nxf5 Ra8 52. Bc2 d4 53. Re4+ Kg5 54. Nxd4 Bb6 55. Re5+ Kf4 $18) 51... Kf3 52. Bxf5 Ra8 53. Bc2 Rh8 54. Kd2 Bb4+ 55. Kd3 Rh2 56. Bb3 Rh5 57. Nc3 Rh8 58. Nxd5 Ba5 59. Ra6 Be1 60. a5 Rh3 61. Rf6+ Kg4+ 62. Ne3+ Kg5 63. Rf5+ Kg6 64. a6 Rh8 65. Bd5 Rh7 66. Bf7+ Kg7 67. a7 Rh8 68. Bd5 1-0

[Event "7th Sharjah Challengers 2024"]
[Site "Sharjah"]
[Date "2024.05.17"]
[Round "4.10"]
[White "Nitish Belurkar"]
[Black "Devnani Kush"]
[Result "1-0"]
[ECO "B23"]
[WhiteElo "2451"]
[BlackElo "2250"]
[Annotator "TA"]
[PlyCount "99"]
[EventDate "2024.05.13"]
[EventType "swiss"]
[EventCountry "UAE"]
[SourceTitle "playchess.com"]
[Source "ChessBase"]
[SourceQuality "1"]
[TimeControl "5400+30"]

1. e4 c5 2. Nc3 d6 3. f4 g6 4. Nf3 Bg7 5. Bb5+ Bd7 6. a4 e6 7. d3 Nc6 8. O-O {[%emt 0:03:38][%cal Of4f5] The position is equal.} Nge7 9. Be3 Nd4 10. Bxd7+ Qxd7 11. Bxd4 cxd4 12. Ne2 Nc6 13. c3 dxc3 14. bxc3 f5 (14... b6 $142) 15. exf5 exf5 16. Rb1 b6 17. Qb3 d5 18. Qa3 Qe7 19. Qa2 Rd8 20. Rfe1 O-O $1 21. Ned4 Bxd4+ 22. cxd4 Qd6 23. g3 Rfe8 24. Qb2 Rxe1+ 25. Rxe1 Nb4 26. Ne5 a5 27. Rc1 b5 $2 28. axb5 $18 {[%emt 0:00:40] aiming for Rc5.} Qb6 (28... Rb8 {was called for.} 29. Qb3 Kg7) 29. Rc5 Re8 30. Qc3 {[%emt 0:00:34] [#] Rc8 is the strong threat.} Na2 31. Qb3 Nb4 32. h4 Kg7 33. Qc3 Re7 {[%emt 0:00:13] Inhibits Rc7.} 34. Kh2 Na2 35. Qd2 Nb4 36. Kh3 Rb7 37. Qc3 Na2 38. Qe1 Nb4 39. Nc6 {[%emt 0:01:01] Wards off Re7} (39. h5 $18) 39... Nxd3 $11 40. Qa1 (40. Qxa5 $2 Qxa5 (40... Nxc5 $2 41. Qxb6 Rxb6 42. dxc5 $19) 41. Nxa5 Nxc5 42. Nxb7 Nxb7 $19) (40. Qc3 $5 Nf2+ $8 41. Kh2 $11) 40... Qc7 41. Qc3 Nf2+ 42. Kg2 Ne4 $1 43. Qb3 Nxc5 44. dxc5 {[%emt 0:00:01][%cal Bd4c5,Bc5c6,Bc6c7][%mdl 4128] Endgame. KQR-KQN} Qd7 $2 (44... Qxc6 $2 45. bxc6 Rxb3 46. c7 $18) (44... Kh6 $1 $14) 45. Qc3+ $18 Kg8 {[%emt 0:00:30] [#]} 46. Nd4 (46. Qxa5 d4 47. h5 Qd5+ 48. Kh2 Kg7 $11) 46... Qe7 47. c6 (47. Qxa5 Ra7 (47... Qe4+ 48. Kh2 $11) 48. Qd2 (48. Qc3 $2 Qe4+ 49. Qf3 Qxd4 $19) 48... Qe4+ (48... Qxc5 $2 49. Kh3 $19) 49. Nf3 Ra3 $19) 47... Qe4+ 48. Kh2 {[%emt 0:01:41] White mates.} Re7 49. b6 ({Stronger than} 49. c7 Rxc7 50. Qxc7 Qxd4 $11) 49... Qb1 50. c7 {[%emt 0:00:06] Weighted Error Value: White=0.19 (very precise) /Black=0.48.  Loses game:     	---       	Black=2      Missed win:     	White=1     	---        Mistake:       	---       	Black=2      Inaccurate:     	---       	Black=4      OK:         	White=17    	Black=16     Best:        	White=1     	Black=2      Strong:       	---       	Black=1} ({Worse is} 50. Qxa5 Qb2+ 51. Kh3 Qxd4 $11) 1-0

[Event "7th Sharjah Challengers 2024"]
[Site "Sharjah"]
[Date "2024.05.17"]
[Round "4.11"]
[White "Jaiveer Mahendru"]
[Black "Mohammad Fahad, Rahman"]
[Result "0-1"]
[ECO "C54"]
[WhiteElo "2243"]
[BlackElo "2435"]
[Annotator "TA"]
[PlyCount "52"]
[EventDate "2024.05.13"]
[EventType "swiss"]
[EventCountry "UAE"]
[SourceTitle "playchess.com"]
[Source "ChessBase"]
[SourceQuality "1"]
[TimeControl "5400+30"]

1. e4 e5 2. Nf3 Nc6 3. Bc4 Nf6 4. d3 Bc5 5. c3 O-O 6. O-O d6 7. Re1 a5 8. Nbd2 Be6 9. a4 Ba7 {[%emt 0:02:21] The position is equal.} 10. Nf1 {[%emt 0:00:18] [#]} (10. Qb3 $11) 10... Nxe4 $1 $17 11. Rxe4 {[%emt 0:00:27] Hoping for Bxe6.} d5 12. Bxd5 Bxd5 13. Re1 Qd6 14. Be3 Rfd8 15. Bxa7 Rxa7 16. Ne3 f6 17. d4 Bxf3 18. Qxf3 exd4 {[%emt 0:00:13] ...Ne5 is the strong threat.} 19. Nf5 Qd7 20. cxd4 Ra6 21. Re4 ({White should play} 21. Rad1 $11) 21... g6 $1 $15 22. Ne3 {[%emt 0:00:23] [#] This move loses the game for White.} ({White should try} 22. Nh6+ $15 Kg7 23. Rae1) 22... f5 $1 $19 (22... Nxd4 $2 {perishes.} 23. Rxd4 Qxd4 24. Rd1 $18 (24. Qxb7 $2 Qb6 $19)) 23. Rf4 Nxd4 24. Rxd4 ({Reject} 24. Qxb7 Rb6 25. Rxd4 Rxb7) 24... Qxd4 25. Rd1 Qf6 26. Nd5 Qf7 {[%emt 0:02:56] Weighted Error Value: White=0.40/Black=0.06 (flawless) .  Loses game:     	White=1     	---        Mistake:       	White=2     	---        Inaccurate:     	White=1     	Black=2      OK:         	White=7     	Black=3      Best:        	---       	Black=2      Strong:       	---       	Black=2      Brilliant:      	---       	Black=1} ({Less strong is} 26... Qxb2 27. Ne7+ Kf7 28. Rxd8 Kxe7 29. Qd1 $19) 0-1

[Event "7th Sharjah Challengers 2024"]
[Site "Sharjah"]
[Date "2024.05.17"]
[Round "4.12"]
[White "Kazarian, Anna-Maja"]
[Black "Nofal, Mohamed"]
[Result "1/2-1/2"]
[ECO "C78"]
[WhiteElo "2182"]
[BlackElo "1962"]
[Annotator "RC"]
[PlyCount "78"]
[EventDate "2024.05.13"]
[EventType "swiss"]
[EventCountry "UAE"]
[SourceTitle "playchess.com"]
[Source "ChessBase"]
[SourceQuality "1"]
[TimeControl "5400+30"]

1. e4 e5 2. Nf3 Nc6 3. Bb5 a6 4. Ba4 Nf6 5. d3 b5 6. Bb3 Bc5 7. c3 d6 8. O-O h6 9. Nbd2 O-O 10. h3 Re8 11. Re1 Bb6 12. Nf1 Be6 13. Bc2 d5 14. exd5 Qxd5 15. Ng3 Rad8 16. Qe2 Qd7 17. Be3 Bxe3 18. fxe3 Qd6 19. e4 Ne7 20. Qf2 c5 21. d4 cxd4 22. cxd4 Ng6 23. Rad1 Qb4 24. d5 Bc8 25. Bb3 a5 26. Rd2 a4 27. Bd1 Bd7 28. a3 Qd6 29. Rc2 Rc8 30. Rxc8 Rxc8 31. Nf5 Bxf5 32. exf5 Ne7 33. Rxe5 Nexd5 34. Qd4 Rc4 35. Qd2 Qc5+ 36. Kh2 Qc7 37. Kg1 Qc5+ 38. Kh2 Qc7 39. Kg1 Qc5+ 1/2-1/2